 Dungeon Crawl Stone Soup version 0.30.1-1-g62c8e00024 (webtiles) character file.

Game seed: 5448556816862781170

77 Inchmeat the Slasher (level 4, -2/34 HPs)
             Began as a Barachi Reaver on July 17, 2023.
             Slain by a worm (8 damage)
             ... on level 2 of the Dungeon.
             The game lasted 00:03:16 (1584 turns).

Inchmeat the Slasher (Barachi Reaver)               Turns: 1584, Time: 00:03:17

Health: -2/34      AC:  4    Str: 16    XL:     4   Next: 33%
Magic:  7/7        EV: 11    Int: 13    God:
Gold:   154        SH:  0    Dex: 10    Spells: 6/7 levels left

rFire   . . .        a - +0 falchion
rCold   . . .        (no shield)
rNeg    . . .        b - +0 leather armour
rPois   .            (no helmet)
rElec   .            (no cloak)
rCorr   .            h - +0 pair of gloves
SInv    .            (no boots)
Will    .....        (no amulet)
Stlth   +            (no ring)
HPRegen 0.25/turn    (no ring)
MPRegen 0.10/turn

%: no passive effects
@: lethally poisoned (-2 -> -3), slow
A: amphibious, slowness 1, strong legs 1, +LOS
a: Hop


You were on level 2 of the Dungeon.
You visited 1 branch of the dungeon, and saw 2 of its levels.

You collected 154 gold pieces.

Inventory:

Hand Weapons
 a - a +0 falchion (weapon)
Armour
 b - a +0 leather armour (worn)
 h - a +0 pair of gloves (worn)
Scrolls
 c - a scroll of enchant weapon {unknown}
 d - 4 scrolls of identify {unknown}
 e - a scroll of teleportation {unknown}
 g - a scroll of torment {unknown}
Potions
 f - 2 potions of curing {unknown}
 i - a potion of degeneration {unknown}


   Skills:
 - Level 2.4 Fighting
 * Level 6.1 Long Blades
 - Level 2.1 Dodging
 - Level 2.1 Spellcasting
 - Level 3.2 Conjurations


You had 6 spell levels left.
You knew the following spells:

 Your Spells              Type           Power      Damage    Failure   Level
a - Kiss of Death         Conj/Necr      20%        2d7       16%         1

Your spell library contained the following spells:

 Spells                   Type           Power      Damage    Failure   Level
 Momentum Strike          Conj/Tloc      10%        3d8       24%         2
 Hailstorm                Conj/Ice       5%         3d4       43%         3


Dungeon Overview and Level Annotations

Branches:
Dungeon (2/15)

Altars:


Innate Abilities, Weirdness & Mutations

You are amphibious.
You cover ground slowly.
You can hop short distances.
You have an extended range of vision and can be seen from far away.


Message History

The adder poisons you!
You hit the adder.
The adder is severely wounded.
You feel sick. The adder bites you.
You are more poisoned.
The adder poisons you!
You hit the adder.
The adder is almost dead.
You feel very sick. The adder closely misses you. The adder barely misses you.
You slash the adder!
You kill the adder!
You feel sick.
The endoplasm jiggles.
Your Long Blades skill increases to level 6!
You are too injured to fight recklessly!
You are too injured to fight recklessly!
You are too injured to fight recklessly!
You are too injured to fight recklessly!
Unknown command.
You hit the worm.
The worm is moderately wounded.
You feel sick. The worm bites you.
You slash the worm!
The worm is severely wounded.
You feel sick.
You hit the worm.
The worm is almost dead.
You feel sick. The worm bites you.
* * * LOW HITPOINT WARNING * * *
You barely miss the worm.
The worm is almost dead.
You feel sick. The worm barely misses you.
You hit the worm.
The worm is almost dead.
You feel sick.
You barely miss the worm.
The worm is almost dead.
You feel sick. The worm bites you!
You die...

#.#############.......###
#>..................)...#######
#.#############.......#...##...
#....### #.......###.##...
#.##...## ######### #.##...
#.####..###### #.##...
#....[#......# ###### #.##...
#.......†.##.###....... #......
##....###.##..@wJ...... ###....
#.... #...####.......#####.##
##### ###.# .............. #.#
.....######## #.# .... #. ..#
... #. ### .. #. . #. #.


You could see a worm and an endoplasm.

Vanquished Creatures
  3 adders (D:2)
  2 worms (D:2)
  3 dart slugs
  4 ball pythons (D:1)
  A bat (D:1)
  4 endoplasms
  3 giant cockroaches (D:1)
  5 goblins
  3 hobgoblins
  4 kobolds (D:1)
  A quokka (D:1)
  A frilled lizard (D:1)
  3 rats
37 creatures vanquished.

Notes
Turn   | Place    | Note
-------+----------+-------------------------------------------
     0 | D:1      | Inchmeat the Barachi Reaver began the quest for the Orb.
     0 | D:1      | Reached XP level 1. HP: 17/17 MP: 3/3
    50 | D:1      | Reached skill level 4 in Long Blades
    59 | D:1      | Reached XP level 2. HP: 19/23 MP: 5/5
   382 | D:1      | Reached XP level 3. HP: 24/26 MP: 6/6
   387 | D:1      | Reached skill level 5 in Long Blades
  1456 | D:2      | Reached XP level 4. HP: 34/34 MP: 7/7
  1579 | D:2      | Reached skill level 6 in Long Blades
  1584 | D:2      | Slain by a worm

Illustrated notes

Levels and vault maps discovered:
D:1:      ncdulo_wetmaze, layout_rooms, minmay_surrounded
D:2:      layout_basic

Skill      XL: |  1  2  3  4 |
---------------+-------------+-----
Long Blades    | 4 5 6 |  6.1
Fighting       | |  2.4
Dodging        | |  2.1
Spellcasting   | |  2.1
Conjurations   | |  3.2

Action                     |  1- 3 |  4- 6 || total
---------------------------+-------+-------++-------
  Melee: Falchion          |   126 |    31 ||   157
   Cast: Kiss of Death     |     1 |       ||     1
   Stab: Sleeping          |     1 |       ||     1
 Armour: Leather armour    |    31 |     7 ||    38
  Dodge: Dodged            |    76 |    15 ||    91
